 Dungeon Crawl Stone Soup version 0.18.1-48-g4cf74bf (webtiles) character file.

58 Alarkh the Slasher (level 3, -2/27 HPs)
             Began as a Mummy Skald on Sept 13, 2016.
             Slain by a wraith (4 damage)
             ... created by the anger of Yredelemnul
             ... on level 2 of the Dungeon.
             The game lasted 00:01:50 (1740 turns).

Alarkh the Slasher (Mummy Skald)                    Turns: 1740, Time: 00:01:50

Health: -2/27      AC:  5    Str: 15    XL:     3   Next: 76%
Magic:  6/6        EV: 11    Int: 12    God:
Gold:   162        SH:  0    Dex: 11    Spells: 1 memorised, 5 levels left

rFire  x . .     SeeInvis .     a - +1 falchion
rCold  + . .     Gourm    .     b - +0 leather armour
rNeg   + + +     Faith    .     (no shield)
rPois  ∞         Spirit   .     e - +2 hat
rElec  .         Dismiss  .     (no cloak)
rCorr  .         Reflect  .     (no gloves)
SustAt .         Harm     .     (no boots)
MR     .....                    (no amulet)
Stlth  +.........               (no ring)
                                (no ring)

@: slowed, very slow, not resistant to hostile enchantments, very unstealthy
A: no food or potions, fire vulnerability, cold resistance 1, negative energy
resistance 3, torment resistance, unbreathing
a: no special abilities


You were on level 2 of the Dungeon.
You were not hungry.

You visited 1 branch of the dungeon, and saw 2 of its levels.

You collected 162 gold pieces.

Inventory:

Hand Weapons
 a - a +1 falchion (weapon)
Armour
 b - a +0 leather armour (worn)
 e - a +2 hat (worn)
Scrolls
 d - a scroll of identify
 f - a scroll of random uselessness
 g - a scroll of fog
Books
 c - a book of Battle

   Spells                             Type                      Level
   a - Infusion                       Charms                       1
   b - Shroud of Golubria             Charms/Translocation         2
   c - Song of Slaying                Charms                       2
   d - Spectral Weapon                Hexes/Charms                 3
   e - Regeneration                   Charms/Necromancy            3


   Skills:
 - Level 2.0 Fighting
 + Level 3.4 Long Blades
 - Level 0.7 Armour
 - Level 0.7 Dodging
 - Level 2.0 Spellcasting
 - Level 2.4 Charms


You had 5 spell levels left.
You knew the following spells:

 Your Spells              Type           Power        Failure   Level  Hunger
a - Infusion              Chrm           #...         14%         1    N/A

Dungeon Overview and Level Annotations

Branches:
Dungeon (2/15)

Altars:
Yredelemnul


Innate Abilities, Weirdness & Mutations

You do not eat or drink.
Your flesh is vulnerable to fire.
You are immune to poison.
Your flesh is cold resistant.
You are immune to negative energy.
You are immune to unholy pain and torment.
You can survive without breathing.


Message History

You don't have any such object.
Read which item? (? for menu, Esc to quit)
You don't have any such object.
Read which item? (? for menu, Esc to quit)
As you read the scroll labeled VUUKORRYWIY, it crumbles to dust.
It is a scroll of enchant weapon.
Enchant which weapon? (? for menu, Esc to quit)
Your +0 falchion glows red for a moment.
The howler monkey zombie misses you.
The howler monkey zombie bites you but does no damage.
The wraith closely misses you.
The howler monkey zombie barely misses you.
The howler monkey zombie completely misses you.
The wraith hits you.
* * * LOW HITPOINT WARNING * * *
The wraith drains your vigour!
You feel yourself slow down.
You climb downwards.
There is a stone staircase leading up here.
The wraith hits you.
You die...

###......####
########...........#
#......>...####.##.#
#.######.##.....##.#
#.#####.....######.#
#........#.......#.###
######..#######..#........!
#.......##.......####.....#
#.#####...@W<.#.........#..
#.##.........#........#.#.#
#.##.........#.####.......#
######.##.........#.# #.......#
##......##.........#..........#..
.....#####......!..##############
.(...# #................ .....#
#........######## ..[..#
#....††..#


You could see a wraith.

Vanquished Creatures
  2 adders (D:2)
  2 worms (D:2)
  A dart slug (D:2)
  4 bats
  3 giant cockroaches (D:2)
  2 goblins (D:1)
  5 hobgoblins
  3 quokkas (D:2)
  2 giant newts
  4 kobolds
  4 rats
32 creatures vanquished.

Notes
Turn   | Place    | Note
--------------------------------------------------------------
     0 | D:1      | Alarkh the Mummy Skald began the quest for the Orb.
     0 | D:1      | Reached XP level 1. HP: 16/16 MP: 3/3
   231 | D:1      | Reached skill level 2 in Long Blades
   327 | D:1      | Reached XP level 2. HP: 22/22 MP: 1/5
   920 | D:2      | Found a faded altar to an unknown god.
   935 | D:2      | Reached XP level 3. HP: 11/27 MP: 3/6
   940 | D:2      | Reached skill level 3 in Long Blades
  1191 | D:2      | Became a worshipper of Yredelemnul the Dark
  1191 | D:2      | Reached * piety under Yredelemnul
  1191 | D:2      | Fell from the grace of Yredelemnul
  1571 | D:2      | Noticed a wraith
  1731 | D:2      | Noticed a wraith
  1737 | D:1      | HP: 1/27 [wraith[the anger of Yredelemnul] (1)]
  1740 | D:2      | Slain by a wraith

Skill      XL: |  1  2  3 |
---------------+----------+-----
Long Blades    | 2 3 |  3.4
Fighting       | |  2.0
Armour         | |  0.7
Dodging        | |  0.7
Spellcasting   | |  2.0
Charms         | |  2.4

Action                   || total
-------------------------++-------
Melee: Falchion          ||   108
 Cast: Infusion          ||    17
Invok: Renounce Religion ||     1
  Use: Scroll            ||     4
Armor: Leather armour    ||    46
Dodge: Dodged            ||    96
